[Event "*** Titled Tuesday 3|2 Blitz"]
[Site "Chess.com"]
[Date "2016.01.05"]
[Round "3"]
[White "MapleDanish"]
[Black "Haridaskesavan"]
[Result "1/2-1/2"]
[WhiteElo "2076"]
[BlackElo "2110"]
[TimeControl "180+2"]
[EndTime "11:31:24 PST"]
[Termination "Game drawn by agreement"]

1. c4 e5 2. g3 Nc6 3. Bg2 Nf6 4.
Nc3 Be7 5. Nf3 O-O 6. O-O d6 7. d4 exd4 8. Nxd4 Nxd4 9. Qxd4 c6 10. b3 Be6 11. Bb2 Qb6 12. Qxb6 axb6 13. a4 d5 14.
cxd5 cxd5 15. Nb5 Rac8 16. Rac1 Rfd8 17. Nd4 Bc5 18. e3 Kf8 19. Bc3 Nd7 20. Rfd1 Ba3 21.
Ra1 Rxc3 22. Rxa3 Nc5 23. Raa1 Nxb3 24. Nxb3 Rxb3 25. Rab1 Rxb1 26. Rxb1 d4 27. exd4 Rxd4 28. Bxb7 Bh3 29. Bg2 Bxg2 30. Kxg2 Rxa4 31. Rxb6 1/2-1/2

[Event "*** Titled Tuesday 3|2 Blitz"]
[Site "Chess.com"]
[Date "2016.01.05"]
[Round "3"]
[White "Cats4Sale"]
[Black "Quiet_Desperation"]
[Result "1-0"]
[WhiteElo "2226"]
[BlackElo "2120"]
[TimeControl "180+2"]
[EndTime "11:31:24 PST"]
[Termination "Cats4Sale won by resignation"]

1. e4 e6 2. d4 d5 3. Nd2 Nf6 4.
e5 Nfd7 5. c3 c5 6. Bd3 Nc6 7.
Ne2 cxd4 8. cxd4 f6 9. exf6 Nxf6 10. Nf3 Bd6 11. O-O Qc7 12. Bg5 O-O 13. Bh4 Nh5 14.
Bg3 Nxg3 15. hxg3 Qf7 16. Bxh7+ Kh8 17. Bc2 Qh5 18. Nh4 Ne7 19. Nf4 Qh6 20. Nfg6+ Nxg6 21. Nxg6+ Kg8 22. Nxf8 Bxf8 23. Qc1 Qh5 24. Qf4 Be7 25. Qf3 Qh6 26. Qe3 Bg5 27. f4 Bf6 28. Kf2 g5 29. Rh1 gxf4 30. gxf4 Qg7 31. Rad1 Bd7 32. Rh7 Qg4 33. Rxd7 Rf8 34. Rh1 Bh4+ 35. Rxh4 Qxh4+ 36. Qg3+ 1-0

[Event "*** Titled Tuesday 3|2 Blitz"]
[Site "Chess.com"]
[Date "2016.01.05"]
[Round "3"]
[White "BjarkeSahl"]
[Black "APL2001"]
[Result "1-0"]
[WhiteElo "2121"]
[BlackElo "2013"]
[TimeControl "180+2"]
[EndTime "11:31:36 PST"]
[Termination "BjarkeSahl won on time"]

1. e4 Nf6 2. e5 Nd5 3. d4 d6 4. Nf3 g6 5. c4 Nb6 6. Nc3 Bg7 7. a4 a5 8. Be3 O-O 9. Qb3 Nc6 10. e6 fxe6 11.
h4 Nd7 12. h5 Nf6 13. hxg6 hxg6 14.
Bd3 Qe8 15. Nh4 Nb4 16. Bxg6 Qc6 17. Nf3 b6 18. Qd1 Qxc4 19. Nd2 Nd3+ 20. Kf1 1-0

[Event "*** Titled Tuesday 3|2 Blitz"]
[Site "Chess.com"]
[Date "2016.01.05"]
[Round "3"]
[White "chessdude"]
[Black "jbj"]
[Result "1-0"]
[WhiteElo "2314"]
[BlackElo "2283"]
[TimeControl "180+2"]
[EndTime "11:31:41 PST"]
[Termination "chessdude won by resignation"]

1. e4 d6 2. d4 Nf6 3. Nc3 e5 4. Nf3 Nbd7 5. Bc4 Be7 6. O-O O-O 7. a4 a6 8. Re1 b6 9. h3 Bb7 10. d5 c6 11. dxc6 Bxc6 12. Qe2 Nc5 13. Nd2 Ne6 14. Nf3 Nc5 15. Nd2 Nxa4 16. Nxa4 b5 17. Nc3 bxc4 18. Nxc4 Qc7 19. Qd3 Nxe4 20. Rxe4 Bxe4 21.
Qxe4 Rfe8 22. Nd5 Qb8 23. b3 Bf8 24. Bg5 Re6 25. h4 h6 26. Be3 Qd8 27. Nc7 Rc8 28. Nxe6 fxe6 29. Qg6 Qxh4 30. Qxe6+ Kh7 31. Qxc8 1-0

[Event "*** Titled Tuesday 3|2 Blitz"]
[Site "Chess.com"]
[Date "2016.01.05"]
[Round "3"]
[White "Moltini"]
[Black "Maitreia"]
[Result "0-1"]
[WhiteElo "2177"]
[BlackElo "2466"]
[TimeControl "180+2"]
[EndTime "11:32:08 PST"]
[Termination "Maitreia won by resignation"]

1. d4 Nf6 2. c4 e5 3. dxe5 Ng4 4. Bf4 Bb4+ 5. Nd2 Nc6 6. Nf3 Qe7 7. e3 Ngxe5 8.
Nxe5 Nxe5 9. Be2 O-O 10. O-O Bxd2 11. Qxd2 d6 12. Rac1 b6 13. Bg3 Bb7 14. b4 a5 15.
a3 axb4 16. axb4 f6 17. Qc3 Ra2 18. Bd1 c5 19. Bb3 Ra3 20. Ra1 Rfa8 21. Rxa3 Rxa3 22. bxc5 bxc5 23. Ra1 Rxa1+ 24. Qxa1 Be4 25. Qa6 Kf7 26. h3 Qb7 27. Qxb7+ Bxb7 28. Bxe5 fxe5 29. f3 e4 30. Kf2 Ke6 31. Bc2 d5 32. cxd5+ Bxd5 33. fxe4 Bc6 34. Kf3 Ke5 35. g3 c4 36. h4 c3 37.
g4 h6 38. g5 hxg5 39. hxg5 Bb5 40. Kg4 Be2+ 41. Kg3 Bh5 42. Kh4 Bg6 43. Kg3 Bxe4 44. Bd1 c2 45. Bxc2 Bxc2 46. Kg4 Bg6 47. Kf3 Kf5 0-1

[Event "*** Titled Tuesday 3|2 Blitz"]
[Site "Chess.com"]
[Date "2016.01.05"]
[Round "3"]
[White "volodja49"]
[Black "DeviatkinAndrey"]
[Result "0-1"]
[WhiteElo "2287"]
[BlackElo "2509"]
[TimeControl "180+2"]
[EndTime "11:32:13 PST"]
[Termination "DeviatkinAndrey won by resignation"]

1. d4 d5 2. c4 c6 3. Nc3 Nf6 4. e3 g6 5. Nf3 Bg7 6. h3 O-O 7. Bd3 c5 8. O-O Nc6 9. cxd5 Nxd5 10. Nxd5 Qxd5 11. e4 Qd6 12. d5 Nd4 13. Nxd4 Bxd4 14. Bh6 Rd8 15. Qd2 e6 16. Bg5 Re8 17. Bf4 Be5 18.
Bxe5 Qxe5 19. Rac1 b6 20. Qc3 exd5 21. Qxe5 Rxe5 22.
f4 Re7 23. exd5 Bb7 24. Bc4 Rd8 25. Rfe1 Kf8 26. Rxe7 Kxe7 27. Rd1 Kd6 28. Kf2 Re8 29. Re1 Rxe1 30. Kxe1 Bxd5 0-1

[Event "*** Titled Tuesday 3|2 Blitz"]
[Site "Chess.com"]
[Date "2016.01.05"]
[Round "3"]
[White "Frolyanov_D"]
[Black "kikydu96"]
[Result "1-0"]
[WhiteElo "2470"]
[BlackElo "2238"]
[TimeControl "180+2"]
[EndTime "11:32:17 PST"]
[Termination "Frolyanov_D won on time"]

1. e4 e5 2. Nf3 Nc6 3. Bb5 a6 4. Ba4 Nf6 5. O-O Be7 6. Bxc6 dxc6 7. d3 Nd7 8. Nbd2 f6 9. Nh4 Nc5 10. Qh5+ Kd7 11. Nc4 Qe8 12. Qg4+ Kd8 13. Qxg7 Rg8 14.
Qh6 Be6 15. Be3 Bxc4 16. Bxc5 Be6 17. Bxe7+ Qxe7 18. Nf5 Bxf5 19. exf5 Rg5 20. Qh3 Qd7 21. f4 Qd4+ 22. Kh1 exf4 23. Rae1 h5 24. Re4 Qxb2 25.
Rfe1 Rc8 26. Qf3 Qxc2 27. R4e2 Qc5 28. Qxf4 1-0

[Event "*** Titled Tuesday 3|2 Blitz"]
[Site "Chess.com"]
[Date "2016.01.05"]
[Round "3"]
[White "LyonBeast"]
[Black "AndroQueen"]
[Result "1-0"]
[WhiteElo "2783"]
[BlackElo "2452"]
[TimeControl "180+2"]
[EndTime "11:32:34 PST"]
[Termination "LyonBeast won by resignation"]

1. d4 Nf6 2. c4 e6 3. Nc3 Bb4 4. e3 O-O 5. Bd3 d5 6. Ne2 dxc4 7. Bxc4 e5 8. a3 Bd6 9. Nb5 Nc6 10. Nxd6 Qxd6 11.
d5 Ne7 12. Nc3 e4 13. b4 Bg4 14. Qc2 Bf5 15. Bb2 Nfxd5 16. O-O-O c6 17. g4 Bg6 18. h4 h6 19. h5 Bh7 20. g5 hxg5 21. h6 gxh6 22.
Nxe4 Qg6 23. Bd3 f5 24. Nc5 a5 25. e4 Nf6 26. Bc4+ Kh8 27. Nd7 axb4 28. Nxf6 Rxf6 29. Rd6 Rf8 30. e5 1-0

[Event "*** Titled Tuesday 3|2 Blitz"]
[Site "Chess.com"]
[Date "2016.01.05"]
[Round "3"]
[White "Dlugy"]
[Black "Tesla37"]
[Result "1-0"]
[WhiteElo "2607"]
[BlackElo "2524"]
[TimeControl "180+2"]
[EndTime "11:32:37 PST"]
[Termination "Dlugy won by resignation"]

1. d4 Nf6 2. Bf4 g6 3. Nc3 Bg7 4. e4 d6 5. Nf3 O-O 6. Be2 c6 7. O-O b5 8. a3 Bb7 9. h3 a5 10. e5 Ne8 11. Re1 Nd7 12. Bf1 dxe5 13. Nxe5 Nc7 14.
Nxd7 Qxd7 15. Be5 Ne6 16. Bxg7 Kxg7 17. d5 cxd5 18. Nxb5 Rac8 19. Qd2 Rfd8 20. Rad1 Nc5 21. Qxa5 Ne4 22. Rxe4 Rxc2 23. Re2 Rdc8 24. Nd4 Rxe2 25. Bxe2 e5 26. Nf3 Qf5 27. Qb4 Ba8 28. Qg4 Qc2 29.
Nxe5 Re8 30. f4 d4 31. Bc4 Qxb2 32. Bxf7 Rc8 33. Bxg6 1-0

[Event "*** Titled Tuesday 3|2 Blitz"]
[Site "Chess.com"]
[Date "2016.01.05"]
[Round "3"]
[White "amaidel"]
[Black "iturrizaga"]
[Result "0-1"]
[WhiteElo "2357"]
[BlackElo "2394"]
[TimeControl "180+2"]
[EndTime "11:32:38 PST"]
[Termination "iturrizaga won by resignation"]

1. Nf3 g6 2. g3 Bg7 3. Bg2 c5 4. O-O Nf6 5. c4 O-O 6. Nc3 Nc6 7. d4 cxd4 8. Nxd4 d6 9. Nxc6 bxc6 10. Bxc6 Rb8 11. Bg2 Qa5 12. Qa4 Qxa4 13. Nxa4 Be6 14. b3 Rfc8 15. Be3 a5 16. Rac1 Ng4 17. Bd2 Bd7 18.
Nc3 a4 19. Nd5 Kf8 20. b4 Bb2 21. Rc2 a3 22. e4 Ba4 23. Rcc1 Ne5 24. c5 Bxc1 25.
Bxc1 dxc5 26. bxc5 Nc4 27. Nb6 Nxb6 28. cxb6 Rc3 29.
Be3 Rxe3 30. fxe3 Rxb6 31. e5 e6 32. Rf4 Rb1+ 33. Bf1 Bb5 34. Kg2 Rb2+ 35. Rf2 Bc6+ 36. Kg1 Bd5 37. Rf4 Rxa2 38. Ra4 Ra1 39. Kf2 a2 40. h4 Rc1 0-1

[Event "*** Titled Tuesday 3|2 Blitz"]
[Site "Chess.com"]
[Date "2016.01.05"]
[Round "3"]
[White "Carolina-moon"]
[Black "northridgehawk"]
[Result "0-1"]
[WhiteElo "1995"]
[BlackElo "1776"]
[TimeControl "180+2"]
[EndTime "11:32:43 PST"]
[Termination "northridgehawk won by resignation"]

1. e4 e5 2. Nf3 Nc6 3. Bb5 a6 4. Bxc6 dxc6 5. O-O Bg4 6. h3 Bh5 7. g4 Bg6 8. Nxe5 Qh4 9. Qf3 f6 10. Nxg6 hxg6 11. Kg2 g5 12. d4 Ne7 13. Nd2 Ng6 14.
Nc4 Qh7 15. Kh2 O-O-O 16. Be3 Rxd4 17. Bxd4 b5 18. Ne3 Bd6+ 19. Kg1 Nf4 20. Rfd1 Nxh3+ 21.
Kf1 Nf4 22. Ke1 Re8 23. Kd2 Rxe4 24. c3 c5 25. Nf5 Re2+ 26. Kc1 cxd4 27. Nxd4 Be5 28.
Qa8+ Kd7 29. Nf5+ Bd6 30. Rxd6+ cxd6 31. Qb7+ Ke6 32. Qc8+ Kf7 33. Nxd6+ Kg6 34. Qf5+ Kh6 35. Qxh7+ Kxh7 36. b3 Kg6 37. a4 Rxf2 38. axb5 axb5 39.
Ra7 Rg2 40. Nf5 Rxg4 41. Ne3 Rg3 42. Kc2 Rxe3 0-1

[Event "*** Titled Tuesday 3|2 Blitz"]
[Site "Chess.com"]
[Date "2016.01.05"]
[Round "3"]
[White "chorejason"]
[Black "AnimationDomination"]
[Result "1-0"]
[WhiteElo "1885"]
[BlackElo "1719"]
[TimeControl "180+2"]
[EndTime "11:32:46 PST"]
[Termination "chorejason won by resignation"]

1. e4 c5 2. Nf3 d6 3. d4 cxd4 4. Nxd4 Nf6 5. Nc3 a6 6. Bc4 e5 7. Nb3 Qc7 8. Qe2 Nc6 9. Bg5 Be7 10. Bxf6 Bxf6 11. Nd5 Qd8 12. O-O-O b5 13. Bd3 Be6 14.
f4 Bxd5 15. exd5 Nb4 16. Bxb5+ Kf8 17. Bc6 Nxc6 18. dxc6 exf4 19. Rd5 Be5 20. Rhd1 Qc7 21. Na5 Rb8 22. c3 Rb6 23. Qc4 g6 24. Rxe5 dxe5 25. Rd7 Qxd7 26. cxd7 Kg7 27. Qc7 Rbb8 28. Nc6 1-0

[Event "*** Titled Tuesday 3|2 Blitz"]
[Site "Chess.com"]
[Date "2016.01.05"]
[Round "3"]
[White "SmarterChess"]
[Black "chess960now"]
[Result "1-0"]
[WhiteElo "2143"]
[BlackElo "1976"]
[TimeControl "180+2"]
[EndTime "11:32:47 PST"]
[Termination "SmarterChess won on time"]

1. d4 d5 2. c4 c6 3. e3 Nf6 4. Nc3 Bf5 5. cxd5 cxd5 6. Qb3 Nc6 7.
Qxb7 Na5 8. Bb5+ Bd7 9. Bxd7+ Nxd7 10. Qxd5 e6 11. Qe4 Nf6 12. Qd3 Be7 13. Nf3 O-O 14. O-O Rc8 15. b3 Nc6 16. Bb2 Nb4 17. Qd2 Ne4 18.
Nxe4 Rc2 19. Qd1 Rxb2 20. a3 Nd5 21. Ned2 Nc3 22. Qe1 a5 23. Kh1 a4 24. Qc1 1-0

[Event "*** Titled Tuesday 3|2 Blitz"]
[Site "Chess.com"]
[Date "2016.01.05"]
[Round "3"]
[White "Er_is_geen_hoop_meer"]
[Black "THORK"]
[Result "1-0"]
[WhiteElo "2309"]
[BlackElo "2155"]
[TimeControl "180+2"]
[EndTime "11:32:51 PST"]
[Termination "Er_is_geen_hoop_meer won by resignation"]

1. b3 Nf6 2. Bb2 e6 3. g3 d5 4. Bg2 c6 5. d3 a5 6. Nd2 a4 7. e3 a3 8. Bc3 b5 9. Ne2 b4 10. Bd4 c5 11. Bxf6 gxf6 12. e4 d4 13.
e5 Ra7 14. exf6 Qxf6 15. O-O h5 16. h4 Bb7 17. Nf4 Bxg2 18. Nxg2 Nd7 19. Re1 Bh6 20. Ne4 Qg6 21. Qf3 Ke7 22. Nf4 Bxf4 23. Qxf4 e5 24.
Nxc5 f6 25. Qxd4 Rc7 26. Nxd7 Rxd7 27. Qxb4+ Kf7 28. Qxa3 Rhd8 29. Qa4 Kg7 30. Qe4 Qh6 31. Qf5 Rd4 32. a4 Qd2 33. Qxh5 Qxc2 34. a5 Qxd3 35.
a6 Qxb3 36. a7 Ra8 37. Rxe5 Qf7 38. Qxf7+ Kxf7 39. Rb5 Rd7 40. Rba5 Rb7 41. Kg2 Kg6 42. Kh3 Kf7 43. f4 Kg6 44. h5+ Kf7 45. g4 Kg7 46. Kh4 Rb4 47. R1a4 Rb7 48. g5 fxg5+ 49. fxg5 Rc7 50.
Ra6 Kh7 51. h6 Rb7 52. Kh5 Rb5 53. R4a5 Rb7 54. g6+ Kh8 55. Rc6 Kg8 56. Rc8+ Rxc8 57. a8=Q 1-0

[Event "*** Titled Tuesday 3|2 Blitz"]
[Site "Chess.com"]
[Date "2016.01.05"]
[Round "3"]
[White "ajkom197"]
[Black "TheLancer"]
[Result "0-1"]
[WhiteElo "2200"]
[BlackElo "2388"]
[TimeControl "180+2"]
[EndTime "11:32:55 PST"]
[Termination "TheLancer won by resignation"]

1. c4 c5 2. g3 g6 3. Bg2 Bg7 4. e3 Nf6 5. Ne2 O-O 6. O-O d5 7.
cxd5 Nxd5 8. Nbc3 Nb4 9. d4 cxd4 10. Nxd4 N8c6 11. Nxc6 Nxc6 12. e4 Qa5 13. Be3 Ne5 14.
Qb3 e6 15. Rfd1 Bd7 16. Ne2 Ba4 17. Qa3 Nc4 18. b4 Qb5 19. Nd4 Nxa3 20. Nxb5 Nxb5 21.
Rd7 Bxa1 22. Rxb7 Bd4 23. Bh6 Bg7 24. Be3 Nd4 25. h4 Rfb8 26. Rc7 Be5 27. Rc1 Rc8 28. Re1 Nc2 29. Re2 Bb5 30. Rd2 Nxe3 31. fxe3 Bxg3 32. h5 Rc1+ 0-1

[Event "*** Titled Tuesday 3|2 Blitz"]
[Site "Chess.com"]
[Date "2016.01.05"]
[Round "3"]
[White "Imre91"]
[Black "Quinten94"]
[Result "0-1"]
[WhiteElo "2509"]
[BlackElo "2323"]
[TimeControl "180+2"]
[EndTime "11:33:07 PST"]
[Termination "Quinten94 won by resignation"]

1. d4 d5 2. Nf3 Nf6 3. Bg5 Ne4 4. Bh4 c5 5. e3 Nc6 6. Nbd2 Bf5 7. c3 Qb6 8. Qc1 e6 9. Be2 Bd6 10. O-O O-O 11. a3 Rac8 12. Bg3 Nxg3 13. hxg3 h6 14.
Rd1 cxd4 15. exd4 Na5 16. Ne1 e5 17. dxe5 Bxe5 18. g4 Bg6 19. Nef3 Bf6 20. a4 Rfe8 21. Bf1 d4 22. c4 d3 23. Rb1 Re2 24. Bxe2 dxe2 25.
Re1 Bxb1 26. Qxb1 Nxc4 27. Nxc4 Rxc4 28. Rxe2 g6 29. g5 hxg5 30. b3 Rxa4 31. Qd3 Ra1+ 32. Kh2 g4 33. Nd2 Qc7+ 34. Qg3 Qxg3+ 35. Kxg3 a5 36.
Kxg4 b5 37. Re8+ Kg7 38. Ne4 Bd4 39. Kg3 a4 40. bxa4 bxa4 41. Ra8 a3 42. Ra4 a2 43.
f4 Re1 44. Rxa2 Re3+ 45. Kh2 Rxe4 0-1

[Event "*** Titled Tuesday 3|2 Blitz"]
[Site "Chess.com"]
[Date "2016.01.05"]
[Round "3"]
[White "CM_Perligero"]
[Black "pedromartinez91"]
[Result "0-1"]
[WhiteElo "1945"]
[BlackElo "2049"]
[TimeControl "180+2"]
[EndTime "11:33:08 PST"]
[Termination "pedromartinez91 won by resignation"]

1. e4 c5 2. Nc3 Nc6 3. d3 g6 4. g3 Bg7 5. Bg2 d6 6. Nf3 e6 7. O-O Nge7 8. Be3 O-O 9. Qd2 b6 10. Bh6 Bb7 11. h3 Qd7 12. Nh2 Nd4 13.
Bxg7 Kxg7 14. f4 f6 15. Nd1 e5 16. c3 Nb5 17. Ne3 Nc7 18. Nhg4 exf4 19. Rxf4 Ne6 20.
Rff1 h5 21. Nxf6 Rxf6 22. Rxf6 Kxf6 23. Nd5+ Bxd5 24. exd5 Nc7 25. Qh6 Nf5 26. Rf1 Qg7 27. Qf4 Ke7 28. g4 hxg4 29. hxg4 Nh6 30. Qg5+ Kd7 31. Rf6 Rg8 32. Qf4 Ne8 33. Re6 Nf7 34. g5 Ne5 35. Qa4+ Kd8 36. d4 cxd4 37. cxd4 Nd7 38.
Qxa7 Qxd4+ 39. Kh2 Rh8+ 40. Kg3 Nc7 41. Re4 Qd3+ 42.
Bf3 Rh3+ 43. Kxh3 Qxf3+ 0-1

[Event "*** Titled Tuesday 3|2 Blitz"]
[Site "Chess.com"]
[Date "2016.01.05"]
[Round "3"]
[White "Shankland"]
[Black "maciek_92"]
[Result "0-1"]
[WhiteElo "2444"]
[BlackElo "2293"]
[TimeControl "180+2"]
[EndTime "11:33:13 PST"]
[Termination "maciek_92 won by resignation"]

1. Nf3 Nf6 2. g3 d5 3. Bg2 Bg4 4. c4 e6 5. O-O Nbd7 6. cxd5 exd5 7. Qb3 Nc5 8. Qc2 Be7 9. d3 O-O 10. Nc3 Ne6 11. e4 Bxf3 12. Bxf3 Nd4 13. Qd1 Nxf3+ 14. Qxf3 d4 15. Ne2 c5 16. Bf4 Rc8 17. b3 Nd7 18. Rac1 Re8 19. Rc2 Bg5 20. Bxg5 Qxg5 21. Qg2 Qg6 22.
f4 Qa6 23. Qf3 b5 24. Rfc1 c4 25. bxc4 bxc4 26. Rxc4 Rxc4 27. Rxc4 Qxa2 28. Rxd4 Nc5 29. Rd5 Nb3 30. Qe3 a5 31. f5 a4 32. f6 Qa1+ 33.
Kg2 Qxf6 34. d4 Qa6 35. Nc3 a3 36. Na2 Qc4 37. Rd7 Qc2+ 38. Kh3 Qxa2 39. Qf4 Rf8 40. Qd6 h6 41. Rd8 Rxd8 42. Qxd8+ Kh7 43. Qd5 Qc2 44. Qxf7 Qc8+ 0-1

[Event "*** Titled Tuesday 3|2 Blitz"]
[Site "Chess.com"]
[Date "2016.01.05"]
[Round "3"]
[White "saraswathii"]
[Black "wilju"]
[Result "0-1"]
[WhiteElo "1888"]
[BlackElo "1834"]
[TimeControl "180+2"]
[EndTime "11:33:22 PST"]
[Termination "wilju won by resignation"]

1. e4 e5 2. d3 Nc6 3. Nf3 d5 4. exd5 Qxd5 5. Nc3 Bb4 6. Bd2 Bxc3 7. Bxc3 Bg4 8. Be2 O-O-O 9. h3 Bh5 10. O-O f6 11. Nh2 Bxe2 12. Qxe2 Nge7 13. Rae1 h5 14. f4 exf4 15. Rxf4 Qxa2 16. Nf3 Kb8 17. Qf2 Nd5 18.
Rc4 Nxc3 19. bxc3 Rhe8 20. Rce4 Rxe4 21. Rxe4 Qa1+ 22. Kh2 Qxc3 23. Nh4 a5 24. Nf5 g6 25.
Ng7 f5 26. Nxf5 gxf5 27. Qxf5 Qxc2 28. Qxh5 Qxd3 29. Rg4 Qd6+ 0-1

[Event "*** Titled Tuesday 3|2 Blitz"]
[Site "Chess.com"]
[Date "2016.01.05"]
[Round "3"]
[White "Iball95"]
[Black "Cecile_Haussernot"]
[Result "1-0"]
[WhiteElo "2399"]
[BlackElo "2203"]
[TimeControl "180+2"]
[EndTime "11:33:28 PST"]
[Termination "Iball95 won by resignation"]

1. Nf3 c5 2. c4 Nc6 3. Nc3 Nf6 4. g3 g6 5. Bg2 Bg7 6. O-O O-O 7. d4 cxd4 8. Nxd4 Nxd4 9. Qxd4 d6 10. Qd2 Qc7 11.
b3 Bd7 12. Bb2 Rac8 13. Rac1 Bc6 14. e4 Nd7 15. Rfe1 e5 16. Rcd1 f5 17. Qxd6 Qxd6 18. Rxd6 f4 19. Bh3 Rc7 20. Nd5 Bxd5 21. exd5 Nc5 22.
Bxe5 Nd3 23. Be6+ Kh8 24. Bxg7+ Kxg7 25. Rd1 Ne5 26. Bh3 b5 27. Re6 Nf3+ 28. Kg2 fxg3 29. hxg3 bxc4 30. d6 Rcf7 31. bxc4 Ng5 32. Re7 Rxe7 33.
dxe7 Re8 34. Rd7 a6 35. Ra7 Kf7 36. c5 Ne4 37. c6 Nd6 38. Rd7 Nc8 39. Rd8 Nxe7 40.
Rxe8 Kxe8 41. c7 Kf7 42. Kf3 Kf6 43. c8=Q Nxc8 44. Bxc8 1-0

[Event "*** Titled Tuesday 3|2 Blitz"]
[Site "Chess.com"]
[Date "2016.01.05"]
[Round "3"]
[White "Danirod"]
[Black "Krutoy123"]
[Result "1-0"]
[WhiteElo "2390"]
[BlackElo "2336"]
[TimeControl "180+2"]
[EndTime "11:33:29 PST"]
[Termination "Danirod won by checkmate"]

1. e4 c5 2. Nf3 e6 3. c3 Nf6 4.
e5 Nd5 5. Bc4 Nb6 6. Bb3 Nc6 7.
d4 Be7 8. dxc5 Bxc5 9. O-O O-O 10. Nbd2 d5 11. exd6 Bxd6 12. Ne4 Bc7 13. Qe2 h6 14.
Be3 f5 15. Nc5 Nd5 16. Rad1 Qf6 17. Bd4 Nxd4 18. Nxd4 Nf4 19. Qf3 b6 20. Ncxe6 Bxe6 21. Nxe6 Nxe6 22. Rfe1 Qh4 23. g3 Qh3 24. Rxe6 Kh8 25.
Rd7 f4 26. Rxc7 Rae8 27. Qe4 f3 28. Qxf3 Rd8 29. Qe3 Qg4 30. Re4 Qg6 31. Kg2 Qd6 32. Rce7 Qc6 33. Re6 Qb7 34. f3 b5 35. h4 a5 36. a3 a4 37. Ba2 Qd7 38. g4 Kh7 39. Rd4 Qc7 40. Qe4+ Kh8 41. Rxd8 Qxd8 42. Bb1 Qd2+ 43.
Kh3 Kg8 44. Re7 Rf6 45. Re8+ Kf7 46. Qe7# 1-0

[Event "*** Titled Tuesday 3|2 Blitz"]
[Site "Chess.com"]
[Date "2016.01.05"]
[Round "3"]
[White "FairChess_on_YouTube"]
[Black "yurisolo"]
[Result "1-0"]
[WhiteElo "2729"]
[BlackElo "2467"]
[TimeControl "180+2"]
[EndTime "11:33:39 PST"]
[Termination "FairChess_on_YouTube won on time"]

1. d4 Nf6 2. c4 c6 3. Bf4 Qb6 4. Qd2 Ne4 5. Qc2 d5 6. cxd5 Bf5 7. Qb3 cxd5 8. Qxb6 axb6 9. Bxb8 Rxb8 10. f3 Nf6 11. Nc3 e6 12. e3 Bb4 13. Bb5+ Ke7 14. Ne2 h5 15. a3 Bd6 16. Kd2 h4 17. Bd3 Bxd3 18.
Kxd3 g5 19. h3 Rbc8 20. Rac1 Rc6 21. e4 Bf4 22. Nxf4 gxf4 23. exd5 Nxd5 24. Nxd5+ exd5 25. Rhe1+ Kd6 26. Rcd1 Rg8 27. Rd2 f6 28. Rde2 Rg7 29.
Re8 Rcc7 30. R1e2 Rce7 31. Rd8+ Kc6 32. Rc2+ Kb5 33. Rxd5+ 1-0

[Event "*** Titled Tuesday 3|2 Blitz"]
[Site "Chess.com"]
[Date "2016.01.05"]
[Round "3"]
[White "stepanosinovsky"]
[Black "Hollywood_Chess"]
[Result "1-0"]
[WhiteElo "2218"]
[BlackElo "2021"]
[TimeControl "180+2"]
[EndTime "11:33:40 PST"]
[Termination "stepanosinovsky won by checkmate"]

1. e4 c5 2. Nf3 g6 3. d4 cxd4 4. Nxd4 Nc6 5. Nc3 Bg7 6. Be3 Nf6 7. Bc4 O-O 8. Bb3 a5 9. a4 Ng4 10. Qxg4 Nxd4 11. Bxd4 Bxd4 12. Qg3 Ra6 13. O-O-O Bg7 14. h4 Rc6 15. h5 Bxc3 16. hxg6 Bxb2+ 17. Kxb2 Rxg6 18. Qh2 h6 19. Rd5 Kg7 20. Rh5 Qb6 21. f4 Rh8 22. g4 Qd4+ 23. Kb1 Qxe4 24. f5 Rb6 25. Qg3 f6 26. g5 Kf8 27. gxf6 Rxf6 28. Qc3 Qc6 29. Qg3 Qe4 30. Rxh6 Rfxh6 31. Rxh6 Qd4 32. Rxh8+ Qxh8 33. Qg6 Qf6 34. Qg8# 1-0

[Event "*** Titled Tuesday 3|2 Blitz"]
[Site "Chess.com"]
[Date "2016.01.05"]
[Round "3"]
[White "AndrewMcStone"]
[Black "DaPazz"]
[Result "1-0"]
[WhiteElo "1983"]
[BlackElo "1875"]
[TimeControl "180+2"]
[EndTime "11:33:44 PST"]
[Termination "AndrewMcStone won by resignation"]

1. d4 Nf6 2. c4 e6 3. Nc3 Bb4 4. f3 c5 5. d5 Bxc3+ 6. bxc3 d6 7. e4 e5 8. Bd3 b6 9. Ne2 O-O 10. O-O Bd7 11. g4 g6 12. Bh6 Re8 13. Bg5 Qe7 14. Qe1 Ba4 15. Qh4 Nbd7 16. Ng3 Kg7 17. Kh1 a6 18. Rg1 Kh8 19. Raf1 b5 20. f4 bxc4 21.
Bxc4 Bc2 22. fxe5 Qxe5 23. Bxf6+ Nxf6 24. Qxf6+ Qxf6 25. Rxf6 Bxe4+ 26. Nxe4 Rxe4 27. Bb3 c4 28. Ba4 Kg7 29. Rxd6 Rb8 30. h3 Rb2 31. Rg2 Re1+ 32.
Kh2 Rbb1 33. Rxa6 Rh1+ 34. Kg3 g5 35. d6 Rbc1 36. Bc2 Rce1 37. d7 h5 38. gxh5 Re3+ 39. Kf2 Rhe1 40. d8=Q R1e2+ 41. Kg1 Re1+ 42. Kh2 Re5 43.
Rxg5+ 1-0

[Event "*** Titled Tuesday 3|2 Blitz"]
[Site "Chess.com"]
[Date "2016.01.05"]
[Round "3"]
[White "Gabrielian_Artur"]
[Black "GargleBlaster"]
[Result "1-0"]
[WhiteElo "2456"]
[BlackElo "2230"]
[TimeControl "180+2"]
[EndTime "11:33:53 PST"]
[Termination "Gabrielian_Artur won on time"]

1. e4 e5 2. Nf3 Nc6 3. Bc4 Bc5 4. d3 d6 5. c3 Nf6 6. Bg5 Bb6 7. b4 a6 8. a4 h6 9. Bh4 g5 10. Bg3 Bg4 11. h3 Bh5 12. Nbd2 Qe7 13. Qb3 Nd8 14. O-O Ne6 15. a5 Ba7 16. b5 axb5 17. Qxb5+ c6 18. Qb3 Nf4 19. Bxf4 gxf4 20. Rab1 Rb8 21. d4 Rg8 22. Kh1 Nd7 23. Qa3 Rg6 24.
Rfd1 Kf8 25. Bf1 Kg7 26. Rb2 Kh7 27. Rdb1 b6 28. c4 bxa5 29. Rxb8 Bxb8 30. Rb7 Qd8 31.
dxe5 Nxe5 32. Nxe5 dxe5 33. Rxf7+ Kg8 34. Rb7 Bd6 35.
Qb3 Qc8 36. c5+ Qe6 37. Qxe6+ Rxe6 38. Bc4 Bf7 39. Bxe6 Bxe6 40. cxd6 a4 41. d7 Bxd7 42. Rxd7 1-0

[Event "*** Titled Tuesday 3|2 Blitz"]
[Site "Chess.com"]
[Date "2016.01.05"]
[Round "3"]
[White "ZEN-22"]
[Black "StellarChessPro"]
[Result "1-0"]
[WhiteElo "2414"]
[BlackElo "2205"]
[TimeControl "180+2"]
[EndTime "11:34:11 PST"]
[Termination "ZEN-22 won by resignation"]

1. g3 d5 2. Bg2 c6 3. Nf3 Nf6 4. O-O g6 5. d3 Bg7 6. c4 O-O 7. Nc3 Nbd7 8. cxd5 Nxd5 9. e4 Nxc3 10. bxc3 Bxc3 11. Bh6 Bg7 12. Bxg7 Kxg7 13. a4 a5 14. d4 Kg8 15. h4 Nf6 16. e5 Nd5 17. h5 Bg4 18. hxg6 hxg6 19. Qd2 Kg7 20. Nh2 Be6 21.
Rab1 Qd7 22. f4 Rh8 23. g4 Bxg4 24. Bxd5 cxd5 25. Nxg4 Qxg4+ 26. Qg2 Rh4 27. Rf3 Rah8 28. Qxg4 Rxg4+ 29. Kf2 Rh2+ 30. Ke3 e6 31. Rxb7 Ra2 32. Rb3 Rxa4 33. Rh3 Ra1 34. Kf3 Rgg1 35. Rh2 a4 36. Rb8 Rh1 37. Rc2 Rac1 38. Ra2 a3 39. Ra8 Rc3+ 40. Kg2 Rhh3 41. Rd2 Rcd3 42. Rc2 Rh8 43. Ra7 Rxd4 44. Kg3 Rd3+ 45. Kg4 Rh2 46. Rxh2 Rb3 47. Rc2 d4 48. Rcc7 a2 49. Rxf7+ Kg8 50. Rfe7 Rb8 51. Rxa2 Rd8 52. Raa7 d3 53. Red7 1-0

[Event "*** Titled Tuesday 3|2 Blitz"]
[Site "Chess.com"]
[Date "2016.01.05"]
[Round "3"]
[White "MinhGTrAn"]
[Black "Gergo85"]
[Result "1-0"]
[WhiteElo "2598"]
[BlackElo "2350"]
[TimeControl "180+2"]
[EndTime "11:34:13 PST"]
[Termination "MinhGTrAn won by resignation"]

1. d4 d5 2. c4 dxc4 3. e3 e5 4. Bxc4 exd4 5. exd4 Bd6 6. Nf3 Nf6 7. O-O O-O 8. Bg5 Nc6 9. h3 h6 10. Bh4 g5 11. Bg3 Ne4 12. Bxd6 Qxd6 13. Nc3 Bf5 14. Nb5 Qd7 15. d5 Na5 16. Ne5 Qe7 17. Qd4 c5 18. d6 Qf6 19. Qd5 Nxc4 20. Nxc4 a6 21. Nc7 Rad8 22. Qxb7 Nxd6 23. Nxd6 Rxd6 24. Nd5 Qe5 25.
Ne7+ Kg7 26. Rfe1 Qf6 27. Qc7 Bh7 28. Qxc5 Rfd8 29. Rac1 Rd2 30. Nc6 R8d6 31. Ne5 R6d5 32. Qe3 Rxb2 33. Ng4 Qd4 34. Qf3 Rf5 35. Qg3 h5 36. Ne3 Rfxf2 37. Qxg5+ Bg6 38. Kh1 Rfe2 39. Nf5+ Kh7 40. Nxd4 Rxg2 41. Qxg2 1-0